 Dungeon Crawl Stone Soup version 0.21.1-1-g345015f (webtiles) character file.

914 wojtek the Cleaver (level 7, 0/60 HPs)
             Began as a Minotaur Fighter on July 12, 2018.
             Slain by a phantom (7 damage)
             ... on level 4 of the Dungeon.
             The game lasted 00:05:00 (2921 turns).

wojtek the Cleaver (Minotaur Fighter)               Turns: 2921, Time: 00:05:01

Health: 0/60       AC: 11    Str: 23    XL:     7   Next: 82%
Magic:  6/6        EV:  7    Int:  5    God:
Gold:   177        SH: 10    Dex:  9    Spells: 6/6 levels left

rFire    . . .     SeeInvis .   a - +0 war axe
rCold    . . .     Gourm    .   c - +0 shield
rNeg     . . .     Faith    .   q - +0 chain mail
rPois    .         Spirit   .   (helmet restricted)
rElec    .         Reflect  .   (no cloak)
rCorr    .         Harm     .   n - +0 pair of gloves
MR       .....                  (no boots)
Stlth    ..........             (no amulet)
HPRegen  0.20/turn              (no ring)
MPRegen  0.10/turn              (no ring)

@: no status effects
A: retaliatory headbutt, horns 2
a: no special abilities


You were on level 4 of the Dungeon.
You were not hungry.

You visited 1 branch of the dungeon, and saw 4 of its levels.

You collected 177 gold pieces.

Inventory:

Hand Weapons
 a - a +0 war axe (weapon)
Armour
 c - a +0 shield (worn)
 n - a +0 pair of gloves (worn)
 q - a +0 chain mail (worn)
 s - a +0 ring mail of fire resistance
Scrolls
 g - 2 scrolls of remove curse
 j - 4 scrolls of teleportation {unknown}
 k - 3 scrolls of identify {unknown}
 l - a scroll of blinking {unknown}
 r - a scroll of amnesia {unknown}
Potions
 d - a potion of might
 e - a potion of magic {unknown}
 h - a potion of heal wounds {unknown}
 i - a potion of degeneration {unknown}
 m - 2 potions of lignification
 o - 2 potions of haste {unknown}
 p - a potion of brilliance {unknown}
Comestibles
 b - 8 chunks of flesh
 f - 7 rations


   Skills:
 + Level 4.9 Fighting
 + Level 8.7 Axes
 + Level 4.9 Armour
 + Level 2.7 Dodging
 + Level 4.9 Shields


You had 6 spell levels left.
You didn't know any spells.

Dungeon Overview and Level Annotations

Branches:
Dungeon (4/15)
 Temple: D:4-7

Altars:
Vehumet


Innate Abilities, Weirdness & Mutations

You reflexively headbutt those who attack you in melee.
You have a pair of horns on your head.


Message History

Your chain mail prevents you from hitting the phantom.
The phantom completely misses you.
The orc wizard gestures wildly while chanting.
The orc wizard flickers and vanishes!
Deactivating autopickup; reactivate with Ctrl-A.
The phantom blinks!
The orc throws a tomahawk.
The tomahawk barely misses you.
You see here a tomahawk.
The phantom hits you.
* * * LOW HITPOINT WARNING * * *
Something hits you but does no damage.
You miss something. You hit the phantom. You block the phantom's attack.
You hear some strange, mumbled words.
A magic dart appears from out of thin air!
The magic dart hits you!
* * * LOW HITPOINT WARNING * * *
The orc throws a tomahawk.
Unknown command.
You barely miss something. You closely miss the phantom. The phantom hits you!
You die...

##.## . ##.#####..
#.......# #..####.#
#### #..####.### #..
#.......... #.#
#..####.###
#####.#####.##.#####.#
#.....{@W.[..#.......#
#.###o#####..#########
##### #.# #..(.o......
#...#####.#
#####o......
#.#.......# .#..##.
#..>####### .# ..#
##.###### .. ...
#......# .. ..
######.# #.. .


You could see a phantom and an orc.

Vanquished Creatures
  Grinder (D:4)
  Menkaure (D:4)
  Edmund (D:4)
  A necrophage (D:3)
  2 howler monkeys
  A hound (D:4)
  A centaur skeleton (D:4)
  An orc priest (D:3)
  An iguana (D:4)
  Natasha (thrice) (D:2)
  The ghost of dscm the Digger, a weakling OpEE (D:3)
  5 adders
  A worm (D:3)
  2 dart slugs (D:1)
  2 leopard geckos
  5 orcs (D:3)
  6 bats
  2 giant cockroaches
  9 goblins
  6 hobgoblins
  4 jackals (D:4)
  2 quokkas
  5 frilled lizards
  3 kobolds
  6 rats
72 creatures vanquished.

Notes
Turn   | Place    | Note
-------+----------+-------------------------------------------
     0 | D:1      | wojtek the Minotaur Fighter began the quest for the Orb.
     0 | D:1      | Reached XP level 1. HP: 19/19 MP: 0/0
    79 | D:1      | Reached skill level 3 in Axes
    93 | D:1      | Reached XP level 2. HP: 23/26 MP: 1/1
   187 | D:1      | Reached skill level 4 in Axes
   882 | D:2      | Reached XP level 3. HP: 31/31 MP: 2/2
  1033 | D:2      | Reached skill level 5 in Axes
  1128 | D:2      | Noticed Natasha
  1142 | D:2      | Killed Natasha
  1142 | D:2      | Reached XP level 4. HP: 17/39 MP: 3/3
  1318 | D:2      | Noticed Natasha
  1328 | D:2      | Killed Natasha
  1336 | D:2      | Noticed Natasha
  1340 | D:2      | Killed Natasha
  1340 | D:2      | Reached skill level 6 in Axes
  1632 | D:2      | Reached XP level 5. HP: 40/45 MP: 4/4
  1859 | D:3      | Found a radiant altar of Vehumet.
  2123 | D:3      | Noticed dscm's ghost (weakling OpEE)
  2131 | D:3      | Killed dscm's ghost
  2131 | D:3      | Reached skill level 7 in Axes
  2209 | D:3      | Noticed a necrophage
  2217 | D:3      | Killed a necrophage
  2217 | D:3      | Reached XP level 6. HP: 45/51 MP: 5/5
  2564 | D:4      | Reached skill level 8 in Axes
  2598 | D:4      | Noticed Grinder
  2610 | D:4      | Killed Grinder
  2610 | D:4      | Reached skill level 1 in Dodging
  2610 | D:4      | Reached XP level 7. HP: 32/59 MP: 6/6
  2770 | D:4      | Noticed Menkaure
  2781 | D:4      | Killed Menkaure
  2813 | D:4      | Noticed Edmund
  2826 | D:4      | Killed Edmund
  2921 | D:4      | Slain by a phantom

Skill      XL: |  1  2  3  4  5  6  7 |
---------------+----------------------+-----
Axes           | 3 4 5 6 7 8 |  8.7
Fighting       | 4 |  4.9
Armour         | 4 |  4.9
Dodging        | 1 2 |  2.7
Shields        | 4 |  4.9

Action                   |  1- 3 |  4- 6 |  7- 9 || total
-------------------------+-------+-------+-------++-------
Melee: War axe           |    71 |    93 |    48 ||   212
       Headbutt          |     7 |    15 |    10 ||    32
  Use: Scroll            |     2 |       |       ||     2
       Potion            |       |       |     1 ||     1
  Eat: Chunk             |     1 |     5 |     1 ||     7
Armor: Scale mail        |    26 |    18 |       ||    44
       Chain mail        |       |    18 |    21 ||    39
Dodge: Dodged            |    22 |    19 |    11 ||    52
Block: Shield            |    34 |    37 |    26 ||    97
